 Dungeon Sprint DCSS version 0.21-a0-71-g5e5ddd2 (webtiles) character file.

16 Kidiri the Ruffian (level 2, 0/24 HPs)
             Began as a Draconian Transmuter on June 19, 2017.
             Was a Believer of Wu Jian.
             Slain by an iguana (9 damage)
             ... in the Dungeon (Sprint VII: "The Pits").
             The game lasted 00:01:26 (160 turns).

Kidiri the Ruffian (Draconian Transmuter)            Turns: 160, Time: 00:01:27

Health: 0/24       AC:  4    Str: 12    XL:     2   Next: 37%
Magic:  2/5        EV: 12    Int: 13    God:    Wu Jian [**....]
Gold:   0          SH:  0    Dex: 11    Spells: 5/6 levels left

rFire    . . .     SeeInvis .     - Unarmed
rCold    . . .     Gourm    .   (no shield)
rNeg     . . .     Faith    .   (armour unavailable)
rPois    .         Spirit   .   (helmet restricted)
rElec    .         Reflect  .   (no cloak)
rCorr    .         Harm     .   (no gloves)
MR       .....     NoTele   +   (boots currently unavailable)
Stlth    ++........             (no amulet)
HPRegen  0.08/turn              (no ring)
MPRegen  0.09/turn              (no ring)

@: appendage
A: unfitting armour, talons 3, cold-blooded, AC +4
a: End Transformation, Renounce Religion


You were in the Dungeon.
You worshipped Wu Jian.
Wu Jian was pleased with you.
You were not hungry.
You had grown temporary talons.
You visited 1 branch

Inventory:

Missiles
 a - 12 arrows
Scrolls
 i - a scroll of blinking
 k - 3 scrolls of remove curse
 l - 5 scrolls of amnesia
 m - a scroll of summoning
Potions
 f - a potion of haste
 g - 4 potions of magic
 h - 3 potions of berserk rage
 j - 2 potions of invisibility
Books
 b - a book of Changes

   Spells                             Type                      Level
   a - Beastly Appendage              Transmutation                1
   b - Sticks to Snakes               Transmutation                2
   c - Spider Form                    Transmutation/Poison         3
   d - Ice Form                       Ice/Transmutation            4
   e - Blade Hands                    Transmutation                5
Comestibles
 c - 8 bread rations
 n - 40 fruits
 o - 7 meat rations


   Skills:
 + Level 2.1 Fighting
 * Level 2.2 Dodging
 + Level 1.3 Stealth
 * Level 3.6 Unarmed Combat
 * Level 2.9 Spellcasting
 * Level 2.9 Transmutations


You had 5 spell levels left.
You knew the following spells:

 Your Spells              Type           Power        Failure   Level  Hunger
a - Beastly Appendage     Tmut           #.....       7%          1    #......


Dungeon Overview and Level Annotations

Branches:
Dungeon (1/1)

Altars:
Ashenzari
Cheibriados
Dithmenos
Elyvilon
Fedhas
Gozag
Hepliaklqana
Kikubaaqudgha
Makhleb
Nemelex Xobeh
Okawaru
Qazlal
Ru
Sif Muna
Trog
Uskayaw
Vehumet
Wu Jian
Xom
Yredelemnul
Zin
The Shining One
Beogh
Jiyva
Lugonu


Innate Abilities, Weirdness & Mutations

Your plain brown scales are hard. (AC +4)
You cannot fit into any form of body armour.
You are cold-blooded and may be slowed by cold attacks.
You have claws for feet.


Message History

You claw the river rat, but do no damage.
You tail-slap the river rat, but do no damage.
The river rat is almost dead.
The river rat twitches its whiskers.
The river rat misses you.
You closely miss the river rat.
You claw the river rat, but do no damage.
The river rat is almost dead.
The river rat misses you.
You hit the river rat.
You kill the river rat!
The Council accepts your kill.
You can now perform distracting airborne attacks by moving against a solid obstacle.
Your Fighting skill increases to level 2!
You have reached level 2!
Casting: Beastly Appendage
Confirm with . or Enter, or press ? or * to list all spells.
You extend your transformation's duration.
The iguana bites you!
You die...

#_________.#
#_______...###########+
##########+##..........
#.?(.+)))+.##......#..#
##########.##..........
#...........'..........
+#####'#####......#..#
#.....# #..........
#...@.# ####+#####+
###l### #.......#
#.....# #.......#
#.....# #.......#
####'## #...<...#
#......l.##.......#
#........##.......#
###########.......#
#########


You could see an iguana.

Vanquished Creatures
  A river rat (D)
  A bat skeleton (D)
  A bat zombie (D)
  A giant cockroach (D)
  A quokka skeleton (D)
  2 rats (D)
7 creatures vanquished.

Notes
Turn   | Place    | Note
-------+----------+-------------------------------------------
     0 | D        | Kidiri the Draconian Transmuter began the quest for the Orb.
     0 | D        | Reached XP level 1. HP: 16/16 MP: 3/3
    50 | D        | Found a bloodstained altar of Trog.
    50 | D        | Found a deep blue altar of Sif Muna.
    50 | D        | Found a viscous altar of Jiyva.
    50 | D        | Found a hazy altar of Hepliaklqana.
    50 | D        | Found an opulent altar of Gozag.
    51 | D        | Found a glowing golden altar of the Shining One.
    51 | D        | Found a glowing silver altar of Zin.
    51 | D        | Found a basalt altar of Yredelemnul.
    51 | D        | Found a shimmering altar of Xom.
    51 | D        | Found an ornate altar of the Wu Jian Council.
    51 | D        | Found a sacrificial altar of Ru.
    51 | D        | Found a stormy altar of Qazlal.
    51 | D        | Found an iron altar of Okawaru.
    51 | D        | Found a sparkling altar of Nemelex Xobeh.
    51 | D        | Found a burning altar of Makhleb.
    51 | D        | Found a blossoming altar of Fedhas.
    51 | D        | Found a white marble altar of Elyvilon.
    51 | D        | Found a shadowy altar of Dithmenos.
    51 | D        | Found a snail-covered altar of Cheibriados.
    53 | D        | Found a radiant altar of Vehumet.
    53 | D        | Found a corrupted altar of Lugonu.
    53 | D        | Found a roughly hewn altar of Beogh.
    54 | D        | Found a hide-covered altar of Uskayaw.
    54 | D        | Found an ancient bone altar of Kikubaaqudgha.
    54 | D        | Found a shattered altar of Ashenzari.
    60 | D        | Became a worshipper of the Wu Jian Council
    97 | D        | Reached * piety under Wu Jian
    99 | D        | Reached skill level 1 in Stealth
   125 | D        | Noticed an iguana
   159 | D        | Reached ** piety under Wu Jian
   159 | D        | Reached XP level 2. HP: 9/24 MP: 3/5
   160 | D        | Slain by an iguana

Vault maps used:
D:        pitsprint

Skill      XL: |  1 |
---------------+----+-----
Stealth        | 1 |  1.3
Dodging        | 2 |  2.2
Fighting       | 2 |  2.1
Unarmed Combat | |  3.6
Spellcasting   | |  2.9
Transmutations | |  2.9

Action                   || total
-------------------------++-------
Melee: Unarmed           ||    43
       Kick              ||     8
       Tailslap          ||     5
       Headbutt          ||     1
 Cast: Beastly Appendage ||     7
  Use: Potion            ||     2
Armor: Skin              ||    22
Dodge: Dodged            ||    35
